Map: 强酸工厂 - 天梯版

Players

INnoVation

  • Race: Terran Terran
  • Spawn Location: 5:00

JinairRogue (Rogue) - Winner!

  • Race: Zerg Zerg
  • Spawn Location: 11:00

Event: 2018 Hangzhou StarCraft Carnival

VOD

Have the link to the VOD?

Description

Time

  • Played on: April 30, 2018, 6:54 a.m.
  • Length: 14:01

All games in this series

Show
View Real Time Build Order
Export as new Build Order

INnoVation Terran 

Build Orders: Reaper Expand, MMM Bio 

Get SALT Encoding   

  12  0:00  SCV  
  13  0:12  SCV  
  14  0:17  Supply Depot  
  14  0:24  SCV  
  15  0:38  SCV  
  15  0:40  Barracks  
  16  0:43  Refinery  
  16  0:50  SCV  
  17  1:02  SCV  
  18  1:15  SCV  
  19  1:27  Reaper, Orbital Command  
  20  1:39  Command Center  
  20  1:46  Supply Depot  
  20  1:52  SCV  
  21  1:59  Marine  
  22  2:04  SCV  
  22  2:06  Factory  
  23  2:16  SCV  
  23  2:19  Barracks Reactor  
  24  2:28  SCV  
  25  2:36  Command Center  
  25  2:41  SCV  
  26  2:50  Orbital Command  
  26  2:53  SCV  
  27  3:00  Starport  
  29  3:06  SCV  
  29  3:07  Refinery  
  29  3:11  Hellion  
  29  3:12  Hellion  
  32  3:15  Barracks Tech Lab  
  32  3:18  SCV  
  32  3:19  SCV  
  34  3:30  SCV  
  34  3:31  SCV  
  34  3:33  Hellion x2  
  40  3:37  Viking  
  42  3:42  SCV  
  42  3:44  SCV  
  44  3:49  Orbital Command  
  44  3:52  Stimpack  
  44  3:56  SCV x2  
  44  3:58  Barracks  
  46  4:03  Factory Reactor  
  46  4:08  SCV x2  
  48  4:10  Marine, Barracks  
  48  4:13  Orbital Command  
  49  4:20  SCV x2  
  51  4:27  Supply Depot  
  51  4:28  Marine, Supply Depot  
  52  4:32  SCV x2  
  52  4:36  Engineering Bay  
  52  4:37  Engineering Bay  
  54  4:39  SCV  
  54  4:44  SCV  
  56  4:46  Marine  
  56  4:50  Factory Tech Lab  
  56  4:51  Marine x2, SCV  
  56  4:52  SCV  
  61  4:54  Refinery  
  61  4:55  Refinery  
  61  4:58  Supply Depot  
  61  5:00  SCV  
  61  5:03  SCV  
  61  5:04  Marine, SCV  
  61  5:05  Marine x2  
  67  5:07  Starport Reactor  
  67  5:08  Terran Infantry Weapons Level 1  
  67  5:09  Terran Infantry Armor Level 1  
  67  5:12  SCV  
  67  5:16  SCV, Siege Tank, Bunker  
  67  5:18  Bunker  
  67  5:21  Marine x3  
  72  5:23  Marine  
  72  5:24  SCV  
  72  5:25  SCV  
  75  5:31  Supply Depot  
  75  5:32  Supply Depot  
  75  5:35  Marine  
  76  5:36  SCV  
  76  5:37  SCV  
  76  5:38  SCV, Marine  
  76  5:39  Marine  
  83  5:44  Supply Depot  
  83  5:45  Medivac x2  
  85  5:53  SCV x3  
  85  5:56  Combat Shields  
  88  5:57  Supply Depot  
  88  5:58  Siege Tank  
  88  6:02  Marine x5  
  96  6:05  SCV x3  
  99  6:12  Supply Depot  
  99  6:14  Supply Depot  
  99  6:18  Armory, Barracks  
  99  6:20  SCV  
  99  6:21  SCV  
  99  6:22  SCV, Barracks  
  102  6:28  Medivac x2  
  102  6:30  Refinery  
  102  6:31  Refinery  
  106  6:34  Marine x5  
  106  6:37  Siege Tank  
  106  6:39  SCV x3  
  117  6:46  Supply Depot  
  117  6:51  Marine x2  
  117  6:52  Marine x3  
  117  6:53  SCV x3  
  123  6:59  Supply Depot  
  122  7:05  SCV x3  
  122  7:07  Terran Infantry Weapons Level 2, Terran Infantry Armor Level 2  
  125  7:10  Barracks Reactor  
  125  7:15  Barracks Reactor  
  125  7:19  Marine x3  
  125  7:20  Marine x2  
  125  7:21  Command Center  
  125  7:22  Supply Depot  
  130  7:27  Unknown  
  130  7:30  Siege Tank  
  130  7:35  SCV x3  
  126  7:40  Marine x2  
  126  7:41  Marine x2  
  126  7:42  Marauder  
  128  7:47  SCV x3  
  103  7:52  Medivac x2  
  103  7:56  Marine x3  
  103  7:58  Marine  
  90  7:59  SCV  
  90  8:03  Marauder  
  90  8:04  Siege Tank  
  77  8:07  Marine  
  77  8:08  Marine x3  
  77  8:11  Orbital Command  
  75  8:14  Marine x3  
  75  8:16  Marine  
  67  8:24  Medivac, Unknown  
  67  8:25  Marine, Marauder  
  72  8:27  Marine  
  72  8:30  Marine  
  72  8:33  Marine  
  74  8:36  Marine  
  74  8:41  Siege Tank  
  77  8:44  Marine  
  77  8:45  Marine  
  77  8:46  Marauder  
  81  8:49  Marine x4  
  81  8:50  Orbital Command  
  81  8:51  Marine  
  81  8:53  Concussive Shells  
  81  8:55  Medivac  
  88  8:57  Marine  
  88  9:02  Marine x2  
  90  9:07  Marine x3, Marauder  
  93  9:16  Marine  
  93  9:17  Marine x2  
  87  9:19  Medivac  
  87  9:20  Marine x2  
  91  9:25  Marine x2  
  86  9:53  SCV  
  86  9:54  Marine x2  
  86  9:56  SCV, Marine  
  86  9:57  Marine  
  85  10:01  Marine, SCV  
  85  10:02  Marine x2  
  85  10:03  Marine, Siege Tank  
  85  10:04  Medivac, Marauder  
  76  10:11  SCV, Unknown  
  76  10:12  SCV, Marine x2  
  80  10:14  Marine  
  80  10:15  Marine  
  80  10:17  Medivac  
  80  10:19  Marine  
  80  10:20  Marine x2  
  85  10:24  Marine  
  85  10:46  Supply Depot x3  
  85  10:56  Unknown  
  80  10:57  Orbital Command  
  75  11:07  Marine x2  
  75  11:08  Marine x6, Siege Tank, Marauder  
  75  11:09  Supply Depot x2  
  78  11:21  Medivac x2  
  82  11:25  Marine x2  
  82  11:26  Marine x6  
  82  11:30  Marauder  
  92  11:40  Siege Tank  
  95  11:47  Supply Depot  
  95  11:50  Supply Depot  
  95  11:53  Marine  
  94  11:56  Marine x4  
  94  11:57  Marine  
  94  11:58  Marauder  
  81  12:03  Marine  
  65  12:10  Marine  
  65  12:12  Siege Tank, Orbital Command  
  57  12:40  Marine  
  57  12:41  Marauder  
  57  13:08  SCV x2  
  59  13:16  Marine x2  
  59  13:17  Marine  
  55  13:24  SCV  
  55  13:25  SCV  
  51  13:37  SCV x2, Marine  
  51  13:38  Marine  
  53  13:41  Marine  
Show
View Real Time Build Order
Export as new Build Order

JinairRogue Zerg - Winner!

Build Orders: Hatch First 

Get SALT Encoding   

  12  0:00  Drone  
  13  0:14  Overlord  
  13  0:17  Drone  
  14  0:32  Drone x2  
  16  0:36  Drone  
  17  0:51  Hatchery  
  17  0:54  Drone  
  17  0:57  Drone  
  18  1:08  Extractor  
  17  1:12  Spawning Pool  
  17  1:15  Drone  
  17  1:19  Drone  
  18  1:30  Drone  
  19  1:40  Overlord  
  19  1:52  Drone  
  20  1:58  Queen  
  22  2:01  Zergling x2  
  22  2:03  Queen  
  22  2:04  Zergling x2  
  26  2:12  Metabolic Boost  
  26  2:14  Drone x2  
  28  2:29  Hatchery  
  27  2:32  Drone  
  27  2:34  Drone  
  29  2:37  Drone  
  30  2:44  Queen  
  30  2:47  Drone  
  33  2:52  Overlord  
  33  2:55  Drone  
  34  3:02  Drone x2  
  36  3:12  Drone x4  
  40  3:13  Drone x2  
  40  3:17  Overlord  
  42  3:22  Drone x2  
  44  3:38  Drone x3  
  47  3:44  Queen  
  47  3:47  Queen  
  51  3:49  Overlord  
  51  3:50  Roach Warren  
  51  3:54  Zergling x6, Extractor x2  
  51  4:00  Drone x3  
  51  4:01  Drone x2  
  56  4:06  Overlord  
  57  4:10  Drone x2  
  57  4:11  Overlord  
  57  4:16  Overlord  
  58  4:18  Drone x2  
  58  4:19  Drone  
  58  4:21  Overlord  
  61  4:30  Roach x2  
  61  4:31  Roach x2  
  67  4:35  Roach  
  71  4:39  Lair  
  71  4:43  Drone x2  
  71  4:45  Drone x2  
  75  4:48  Drone  
  76  4:56  Spore Crawler, Drone  
  76  4:57  Drone x4  
  79  5:04  Drone x2  
  79  5:07  Drone x4  
  83  5:08  Drone x2  
  83  5:13  Overlord  
  87  5:16  Extractor  
  87  5:17  Evolution Chamber  
  87  5:18  Zergling x4, Evolution Chamber, Extractor  
  87  5:21  Overlord  
  85  5:29  Overlord  
  85  5:39  Glial Reconstitution  
  85  5:40  Overlord  
  85  5:43  Zerg Ground Armor Level 1, Zerg Missile Weapons Level 1  
  85  5:44  Overseer  
  85  5:47  Roach x6  
  97  5:51  Overlord  
  97  6:01  Roach x7  
  97  6:04  Overlord  
  111  6:08  Overlord  
  111  6:14  Roach  
  111  6:15  Roach x3  
  111  6:16  Overlord  
  119  6:19  Overlord  
  119  6:26  Roach x3  
  125  6:33  Roach  
  125  6:34  Roach x5  
  125  6:39  Overlord  
  137  6:43  Roach  
  139  6:48  Ravager x6  
  139  6:52  Roach x3  
  150  6:54  Overlord  
  150  6:58  Roach x3  
  154  7:05  Roach  
  154  7:06  Roach x2  
  160  7:08  Overlord  
  160  7:09  Overlord x2  
  160  7:13  Roach x2  
  163  7:16  Roach x3  
  169  7:27  Overlord  
  169  7:29  Roach x3  
  175  7:31  Roach  
  175  7:36  Ravager x3  
  180  7:39  Roach  
  176  7:48  Roach x5  
  149  7:52  Roach  
  149  7:53  Roach x2  
  136  7:58  Roach x3  
  136  8:00  Roach  
  136  8:03  Roach  
  141  8:08  Roach x2  
  141  8:11  Roach  
  147  8:15  Roach  
  147  8:16  Roach x2  
  147  8:19  Roach x3, Zergling x2  
  147  8:25  Roach x3  
  138  8:33  Roach x2  
  142  8:39  Roach x3  
  142  8:40  Roach x2, Extractor  
  149  8:43  Roach  
  151  8:48  Ravager  
  151  8:49  Zergling x4  
  151  8:53  Ravager  
  155  9:00  Roach x4  
  155  9:01  Roach, Zergling x8  
  169  9:05  Hatchery  
  161  9:12  Roach  
  161  9:13  Roach x5  
  161  9:18  Overseer  
  161  9:19  Ravager  
  161  9:21  Ravager  
  163  9:26  Roach x3  
  163  9:28  Zergling x2  
  163  9:29  Zergling x10  
  175  9:31  Ravager  
  175  9:35  Roach  
  175  9:36  Roach x2  
  175  9:38  Roach  
  184  9:41  Ravager  
  184  9:43  Zergling x6  
  135  10:06  Roach x11  
  128  10:09  Roach x2  
  128  10:12  Roach  
  133  10:19  Roach x2  
  133  10:24  Ravager x2  
  133  10:25  Ravager  
  133  10:26  Roach x3  
  133  10:28  Drone x3  
  144  10:35  Drone x5  
  150  10:41  Zerg Missile Weapons Level 2  
  151  10:42  Drone  
  151  10:47  Zerg Ground Armor Level 2  
  151  10:52  Drone x2  
  151  10:55  Roach  
  153  10:59  Roach x3  
  155  11:07  Ravager  
  155  11:08  Roach x5  
  155  11:09  Zergling x2  
  167  11:17  Roach x5  
  167  11:19  Zergling x4  
  167  11:24  Ravager  
  167  11:25  Ravager  
  171  11:26  Zergling x4  
  171  11:27  Zergling x4  
  171  11:31  Roach  
  177  11:38  Roach x7  
  191  11:45  Ravager  
  189  11:57  Roach x5  
  189  12:00  Hatchery  
  189  12:01  Roach x5  
  174  12:06  Roach x3  
  174  12:07  Roach  
  166  12:09  Roach  
  166  12:12  Roach x2  
  167  12:22  Roach x4  
  156  12:24  Roach  
  156  12:26  Drone x2  
  148  12:35  Drone x5  
  148  12:36  Drone  
  154  12:39  Ravager x3  
  154  12:43  Drone x2  
  154  12:44  Drone  
  160  12:46  Extractor  
  160  12:47  Drone  
  160  12:48  Drone x2  
  160  12:49  Drone x2  
  160  12:51  Ravager x2  
  164  12:56  Roach x3  
  164  12:57  Roach  
  172  13:15  Zergling x16, Spire  
  175  13:22  Queen x3  
  179  13:27  Spore Crawler  
  179  13:32  Drone x2  
  179  13:33  Drone x2  
  179  13:39  Overlord  
Tags
 
Add a new tag
Caveats
  • Supply blocks, unpowered buildings, or Contaminate may cause inaccurate times.
  • Supply counts are checked every 10 seconds.